 Dungeon Crawl Stone Soup version 0.20.0-10-g0535bb4 (webtiles) character file.

296 straycat the Sneak (level 6, -3/50 HPs)
             Began as a Vampire Wanderer on June 3, 2017.
             Slain by a centaur (4 damage)
             ... on level 5 of the Dungeon.
             The game lasted 00:13:59 (3101 turns).

straycat the Sneak (Vampire Wanderer)               Turns: 3101, Time: 00:14:00

Health: -3/50      AC: 12    Str: 11    XL:     6   Next: 12%
Magic:  0/6        EV: 10    Int: 15    God:
Gold:   162        SH:  4    Dex: 15    Spells: 5/5 levels left

rFire    . . .     SeeInvis +   b - +0 spear
rCold    . . .     Gourm    .   t - +0 buckler
rNeg     + + .     Faith    .   a - +2 scale mail
rPois    .         Spirit   +   u - +2 helmet
rElec    .         Reflect  .   p - scarf {Spirit}
rCorr    .         Harm     +   w - +0 pair of gloves
MR       .....                  (no boots)
Stlth    ++........             x - amulet of harm
Regen    0.2/turn               h - ring of wizardry
MPRegen  0.1/turn               k - ring of positive energy

@: no status effects
A: fangs 3, see invisible, unbreathing
a: Bat Form


You were on level 5 of the Dungeon.
You were not thirsty.

You visited 1 branch of the dungeon, and saw 5 of its levels.

You collected 162 gold pieces.

Inventory:

Hand Weapons
 b - a +0 spear (weapon)
 d - a +0 dagger
 B - a +0 falchion
Missiles
 j - 28 stones (quivered)
 v - 4 curare-tipped needles
 C - 2 steel tomahawks
 G - 36 arrows
Armour
 a - a +2 scale mail (worn)
 p - a scarf of spirit shield (worn)
 t - a +0 buckler (worn)
 u - a +2 helmet (worn)
 w - a +0 pair of gloves (worn)
 y - a +2 ring mail of cold resistance
Jewellery
 h - a ring of wizardry (left hand)
 k - a ring of positive energy (right hand)
 x - an amulet of harm (around neck)
Scrolls
 f - a scroll of magic mapping {unknown}
 g - 5 scrolls of identify {unknown}
 l - 2 scrolls of blinking {unknown}
 m - 4 scrolls of teleportation {unknown}
 o - a scroll of recharging {unknown}
 A - a scroll of random uselessness {unknown}
 F - a scroll of amnesia {unknown}
Potions
 c - a potion of lignification
 e - 12 potions of blood
 i - 2 potions of haste {unknown}
 n - a potion of agility {unknown}
 q - a potion of heal wounds {unknown}
 r - 2 potions of resistance {unknown}
 s - 2 potions of curing {unknown}
 z - a potion of brilliance {unknown}
 D - a potion of degeneration {unknown}
 E - a potion of flight {unknown}


   Skills:
 + Level 4.9 Fighting
 + Level 2.0 Armour
 * Level 3.7 Dodging
 * Level 6.7 Stealth
 * Level 2.0 Shields


You had 5 spell levels left.
You didn't know any spells.

Dungeon Overview and Level Annotations

Branches:
Dungeon (5/15)
 Temple: D:4-7

Altars:

Annotations:
D:3 Grinder


Innate Abilities, Weirdness & Mutations

You have razor-sharp teeth.
You have supernaturally acute eyesight. (SInv)
You can survive without breathing.


Message History

Attack whom?
Press: ? - help, Dir - move target cursor, f/p - centaur
Aim: a centaur (almost dead)
You hit the centaur but do no damage.
The centaur is almost dead.
The centaur hits you.
The centaur hits you but does no damage.
Attack whom?
Press: ? - help, Dir - move target cursor, f/p - centaur
Aim: a centaur (almost dead)
You hit the centaur but do no damage. Your bite misses the centaur.
The centaur is almost dead.
The centaur misses you.
Attack whom?
Press: ? - help, Dir - move target cursor, f/p - centaur
Aim: a centaur (almost dead)
You hit the centaur but do no damage.
The centaur is almost dead.
The centaur barely misses you. The centaur hits you.
You die...

.......# #####..#.#
.......# #...#(.#.#
.......# ##+#.#....#
.......###......(..#
.....>..........(..#
.......###......(..#
########
#....†....#####
#..............
#......@c..#### ##
#..........# .#
#....#####.# .#
#....# .# .# ####..
.# .# #.## ##


You could see a centaur.

Vanquished Creatures
  An ice beast (D:5)
  A crimson imp (D:5)
  2 worker ants (D:5)
  A howler monkey skeleton (D:4)
  3 adders
  2 oozes
  An adder skeleton (D:4)
  2 worms
  4 dart slugs
  A leopard gecko (D:3)
  An orc (D:5)
  A ball python (D:2)
  8 bats
  2 giant cockroaches (D:2)
  4 goblins (D:1)
  7 hobgoblins
  2 jackals (D:4)
  A quokka (D:3)
  4 frilled lizards
  A jackal skeleton (D:5)
  5 kobolds
  A leopard gecko skeleton (D:5)
  A leopard gecko zombie (D:5)
  10 rats
66 creatures vanquished.

Notes
Turn   | Place    | Note
-------+----------+-------------------------------------------
     0 | D:1      | straycat the Vampire Wanderer began the quest for the Orb.
     0 | D:1      | straycat set off with: a +2 scale mail, a +0 spear, a potion of lignification, a +0 dagger, a potion of blood
     0 | D:1      | Reached XP level 1. HP: 20/20 MP: 1/1
   119 | D:1      | Reached XP level 2. HP: 26/26 MP: 2/2
   623 | D:1      | Reached XP level 3. HP: 31/31 MP: 3/3
   958 | D:2      | Reached skill level 5 in Stealth
  1494 | D:2      | Reached XP level 4. HP: 38/38 MP: 4/4
  1747 | D:3      | Noticed Grinder
  1747 | D:3      | Paralysed by Grinder for 2 turns
  1757 | D:3      | Paralysed by Grinder for 5 turns
  2088 | D:5      | Entered Level 5 of the Dungeon
  2431 | D:5      | Reached skill level 1 in Shields
  2431 | D:5      | Reached XP level 5. HP: 30/43 MP: 5/5
  2523 | D:5      | Noticed an ice beast
  2541 | D:5      | Killed an ice beast
  2541 | D:5      | Reached skill level 6 in Stealth
  3077 | D:5      | Reached XP level 6. HP: 39/50 MP: 3/6
  3098 | D:5      | HP: 1/50 [centaur (5)]
  3101 | D:5      | Slain by a centaur

Skill      XL: |  1  2  3  4  5 |
---------------+----------------+-----
Dodging        | 2 3 |  3.7
Stealth        | 5 6 |  6.7
Shields        | 1 2 |  2.0
Armour         | 2 |  2.0
Fighting       | |  4.9

Action                   |  1- 3 |  4- 6 || total
-------------------------+-------+-------++-------
Melee: Spear             |   159 |   322 ||   481
       Bite              |    18 |    27 ||    45
       Dagger            |       |    14 ||    14
 Abil: End Transformatio |       |     1 ||     1
       Bat Form          |       |     1 ||     1
  Use: Potion            |       |     8 ||     8
 Stab: Sleeping          |     7 |     2 ||     9
  Eat: Corpse            |       |     1 ||     1
Armor: Scale mail        |    85 |   185 ||   270
Dodge: Dodged            |    97 |   165 ||   262
Block: Buckler           |     2 |    47 ||    49
